 Dungeon Crawl Stone Soup version 0.26.0-18-gc5c842f807 (webtiles) character file.

Game seed: 2962960871099902188

123 iamoutofideas the Chiller (level 4, -1/30 HPs)
             Began as a Demonspawn Ice Elementalist on Jan 23, 2021.
             Slain by an iguana (14 damage)
             ... on level 4 of the Dungeon.
             The game lasted 00:03:49 (2555 turns).

iamoutofideas the Chiller (DsIE)                    Turns: 2555, Time: 00:03:50

Health: -1/30      AC:  5    Str:  9    XL:     4   Next: 79%
Magic:  5/9        EV: 12    Int: 17    God:
Gold:   149        SH:  0    Dex: 13    Spells: 3/10 levels left

rFire    x . .     SeeInvis .   m - +0 dagger
rCold    + . .     Faith    .   (no shield)
rNeg     . . .     Spirit   .   a - +0 robe
rPois    .         Reflect  .   (no helmet)
rElec    .         Harm     .   (no cloak)
rCorr    .         Rampage  .   (no gloves)
Will     .....                  n - +0 pair of boots
Stlth    ++........             (no amulet)
HPRegen  0.10/turn              b - ring of ice
MPRegen  0.11/turn              (no ring)

@: no status effects
A: iridescent scales 1, powered by pain 1
a: no special abilities


You were on level 4 of the Dungeon.
You visited 1 branch of the dungeon, and saw 4 of its levels.

You collected 149 gold pieces.

Inventory:

Hand Weapons
 m - a +0 dagger (weapon)
Armour
 a - a +0 robe (worn)
 n - a +0 pair of boots (worn)
Jewellery
 b - a ring of ice (left hand)
 g - an uncursed amulet of faith
 h - an uncursed ring of flight
Scrolls
 e - 2 scrolls of fear
Potions
 c - a potion of curing {unknown}
 d - 2 potions of might {unknown}
 f - a potion of resistance {unknown}
 i - 5 potions of brilliance
 k - a potion of lignification {unknown}


   Skills:
 - Level 1.7 Dodging
 - Level 1.7 Stealth
 + Level 3.5 Spellcasting
 + Level 4.7 Ice Magic


You had 3 spell levels left.
You knew the following spells:

 Your Spells              Type           Power        Failure   Level
a - Freeze                Ice            100%         2%          1
b - Frozen Ramparts       Ice            56%          7%          3
c - Ozocubu's Armour      Ice            28%          7%          3

Your spell library contained the following spells:

 Spells                   Type           Power        Failure   Level
 Hailstorm                Conj/Ice       16%          52%         4
 Summon Ice Beast         Ice/Summ       16%          52%         4


Dungeon Overview and Level Annotations

Branches:
Dungeon (3/15)

Altars:
Dithmenos


Innate Abilities, Weirdness & Mutations

You are partially covered in iridescent scales. (AC +2)
You sometimes gain a little power by taking damage.


Message History

The iguana is severely wounded.
The iguana bites you!
Casting: Freeze (safe; 2% risk of failure)
Confirm with . or Enter, or press ? or * to list all spells.
Aiming: Freeze (safe; 2% risk of failure)
Press: ? - help, Shift-Dir - straight line, f/p - iguana
Aim: an iguana (severely wounded)
You feel a surge of power!
You freeze the iguana.
The iguana is severely wounded.
The iguana bites you.
Unknown command.
Casting: Freeze (safe; 2% risk of failure)
Confirm with . or Enter, or press ? or * to list all spells.
Aiming: Freeze (safe; 2% risk of failure)
Press: ? - help, Shift-Dir - straight line, f/p - iguana
Aim: an iguana (severely wounded)
You feel a surge of power!
You freeze the iguana.
The iguana is almost dead.
The iguana bites you!
You die...

... .... ....## ......
## ......# ####.# #
....... #..#.##.##
......l##........###
.......@#...##.....##
(........?..........#
...............#....##
..............##.....#
.....................# #
...................<###.
....##..............##..
....#...................
... ##.....#.......#....


You could see an iguana.

Vanquished Creatures
  2 adders (D:2)
  3 gnolls (D:2)
  2 worms (D:2)
  3 dart slugs
  3 leopard geckos
  An orc (D:3)
  A ball python (D:1)
  2 giant cockroaches (D:2)
  5 goblins
  4 hobgoblins
  7 jackals (D:2)
  5 kobolds
  2 quokkas
  7 bats
  4 frilled lizards
  6 rats
57 creatures vanquished.

Notes
Turn   | Place    | Note
-------+----------+-------------------------------------------
     0 | D:1      | iamoutofideas the Demonspawn Ice Elementalist began the
                  | quest for the Orb.
     0 | D:1      | Reached XP level 1. HP: 13/13 MP: 3/3
   222 | D:1      | Gained mutation: You sometimes gain a little power by
                  | taking damage. [demonic ancestry]
   222 | D:1      | Reached XP level 2. HP: 18/19 MP: 1/5
   622 | D:1      | Reached skill level 4 in Ice Magic
   988 | D:1      | Reached XP level 3. HP: 24/24 MP: 5/7
  1468 | D:2      | Learned a level 3 spell: Frozen Ramparts
  1531 | D:2      | Gained mutation: You are partially covered in iridescent
                  | scales. (AC +2) [demonic ancestry]
  1531 | D:2      | Reached XP level 4. HP: 24/30 MP: 0/8
  2490 | D:3      | You fall into a shaft and drop 1 floor!
  2504 | D:4      | Found a shadowy altar of Dithmenos.
  2533 | D:4      | Learned a level 3 spell: Ozocubu's Armour
  2555 | D:4      | Slain by an iguana

Illustrated notes

Levels and vault maps discovered:
D:1:      dpeg_arrival_tiny_c, layout_loops_ring, minmay_strange_pillars,
          fountainhead, grunt_decor_one_mirror, minivault_5
D:2:      layout_rooms
D:3:      wad_pebble_path, layout_basic
D:4:      layout_cave_pools, lemuel_round_altar, cheibrodos_sewer_entry_bend,
          minmay_misc_feat_square

Skill      XL: |  1  2  3 |
---------------+----------+-----
Ice Magic      | 4 |  4.7
Spellcasting   | 3 |  3.5
Dodging        | |  1.7
Stealth        | |  1.7

Action                   |  1- 3 |  4- 6 || total
-------------------------+-------+-------++-------
Melee: Unarmed           |    34 |     2 ||    36
       Dagger            |       |     5 ||     5
 Cast: Freeze            |    47 |    29 ||    76
       Frozen Ramparts   |     1 |     3 ||     4
  Use: Scroll            |     2 |     4 ||     6
 Stab: Sleeping          |     3 |       ||     3
Armor: Robe              |    25 |    12 ||    37
Dodge: Dodged            |    45 |    22 ||    67
